 Dungeon Crawl Stone Soup version 0.18-a0-1774-gce1f7b6 (webtiles) character file.

1776 M4edhros the Martial Artist (level 9, -2/51 HPs)
             Began as an Octopode Necromancer on Apr 15, 2016.
             Slain by a hippogriff (8 damage)
             ... on level 7 of the Dungeon.
             The game lasted 00:17:23 (3078 turns).

M4edhros the Martial Artist (Octopode Necromancer)  Turns: 3078, Time: 00:17:24

Health: -2/51      AC:  1    Str:  7    XL:     9   Next: 8%
Magic:  8/12       EV: 14    Int: 20    God:
Gold:   226        SH:  0    Dex: 16    Spells: 2 memorised, 8 levels left

rFire  . . .     SeeInvis .     f - +4 quarterstaff (chaos)
rCold  . . .     Gourm    .     (shield currently unavailable)
rNeg   . . .     Faith    .     (helmet restricted)
rPois  .         Spirit   .     (no amulet)
rElec  .         Dismiss  .     m - +2 ring of evasion
rCorr  .         Reflect  .     w - +3 ring of intelligence
SustAt .         Harm     .     (no ring)
MR     .....                    (no ring)
Stlth  +++.......               (no ring)
                                (no ring)
                                (no ring)
                                (no ring)

@: not resistant to hostile enchantments, fairly stealthy
A: almost no armour, amphibious, 8 rings, constrict 8, camouflage 1, gelatinous
body 1
a: no special abilities


You were on level 7 of the Dungeon.
You were very hungry.

You visited 1 branch of the dungeon, and saw 7 of its levels.
You also visited: Sewer.

You collected 226 gold pieces.

Inventory:

Hand Weapons
 f - a +4 quarterstaff of chaos (weapon)
 t - a +0 hunting sling
Missiles
 e - 119 stones (quivered)
 h - 19 sling bullets
 y - 12 exploding sling bullets
Magical Staves
 l - an uncursed staff of death
Jewellery
 m - a +2 ring of evasion (left tentacle)
 w - a +3 ring of intelligence (right tentacle)
Wands
 p - a wand of polymorph (6/24)
 q - a wand of paralysis (0/24)
 u - a wand of random effects (20/48)
 x - a wand of polymorph (9/24)
Scrolls
 d - 4 scrolls of remove curse {unknown}
 g - 4 scrolls of teleportation
 i - 3 scrolls of enchant weapon {unknown}
 j - a scroll of noise {unknown}
 k - 2 scrolls of recharging
 r - a scroll of fog {unknown}
Potions
 n - a potion of lignification
 o - 2 potions of cancellation
 s - 2 potions of curing
Books
 a - a book of Necromancy

   Spells                             Type                      Level
   a - Pain                           Necromancy                   1
   b - Animate Skeleton               Necromancy                   1
   c - Vampiric Draining              Necromancy                   3
   d - Regeneration                   Charms/Necromancy            3
   e - Animate Dead                   Necromancy                   4
   f - Control Undead                 Necromancy                   4
Comestibles
 b - 4 bread rations
 c - 3 meat rations
 v - 2 chunks of flesh


   Skills:
 - Level 2.0 Dodging
 - Level 2.6 Stealth
 + Level 11.2 Unarmed Combat
 - Level 2.0 Spellcasting
 - Level 4.0 Necromancy


You had 8 spell levels left.
You knew the following spells:

 Your Spells              Type           Power        Failure   Level  Hunger
a - Pain                  Necr           ###.         2%          1    #......
b - Regeneration          Chrm/Necr      ##........   21%         3    ###....


Dungeon Overview and Level Annotations

Branches:
Dungeon (7/15)
 Temple: D:4-7

Altars:
Ashenzari
Makhleb
Zin

Annotations:
D:3 UnlimitedFusion's ghost, amateur NaTm
D:5 Duffy's ghost, novice FoSk


Innate Abilities, Weirdness & Mutations

You cannot wear most types of armour.
You are amphibious.
You can wear up to eight rings at the same time.
You can use your tentacles to constrict eight enemies at once.
Your skin changes colour to match your surroundings (Stealth).
Your rubbery body absorbs attacks (AC +1).


Message History

The kobold hits you but does no damage. x2
Unknown command.
You barely miss the big kobold.
The big kobold is moderately wounded.
The big kobold hits you but does no damage.
The kobold barely misses you. The kobold hits you but does no damage.
The big kobold hits you but does no damage.
The hippogriff bites you but does no damage.
The hippogriff pecks you but does no damage.
The hippogriff claws you but does no damage.
The kobold hits you but does no damage.
You sock the hippogriff! You burn the hippogriff.
The hippogriff is moderately wounded.
You feel less woody. The kobold hits you with a short sword.
The big kobold hits you.
* * * LOW HITPOINT WARNING * * *
The hippogriff bites you.
* * * LOW HITPOINT WARNING * * *
The hippogriff pecks you!
You die... #.............# ###.#...#.##.## #........#..# ..####....####..# ..........# .# ..#####K..# #KKKs#

#KH#K# #@KZh#
......K)#h.#
.......###....
....<.. .....
....).# S....
....!. ....
...... ...
......


You could see a hippogriff, a big kobold, a quokka zombie, 2 jackals, a giant
cockroach and 7 kobolds.

Vanquished Creatures
  Sigmund (D:4)
  Eustachio (D:5)
  A hippogriff (D:7)
  A water moccasin (D:7)
  An orc warrior (D:7)
  A black bear (D:6)
  An ogre (D:6)
  2 giant frogs (D:6)
  A scorpion (D:5)
  2 howler monkeys
  Crazy Yiuf (D:3)
  A giant frog zombie (D:5)
  A giant frog skeleton (D:4)
  3 orc priests
  A hound (D:5)
  2 iguanas
  4 orc wizards
  5 worker ants
  A howler monkey skeleton (D:3)
  6 adders
  5 river rats
  An ooze (D:4)
  An adder zombie (D:6)
  A worm (D:4)
  A dart slug (D:1)
  5 giant geckos
  11 orcs
  2 giant cockroaches
  7 goblins
  7 hobgoblins
  3 jackals (D:4)
  2 quokkas
  7 ball pythons
  A bat (D:1)
  A giant gecko skeleton (D:4)
  9 giant newts
  A kobold (D:1)
  2 quokka skeletons (D:4)
  12 rats
116 creatures vanquished.

Vanquished Creatures (others)
  A giant frog (D:6)
1 creature vanquished.

Grand Total: 117 creatures vanquished

Notes
Turn   | Place    | Note
--------------------------------------------------------------
     0 | D:1      | M4edhros the Octopode Necromancer began the quest for the Orb.
     0 | D:1      | Reached XP level 1. HP: 11/11 MP: 3/3
     0 | D:1      | Noticed a large abomination
     0 | D:1      | Noticed a yellow draconian
     1 | D:1      | Noticed an orb of fire
     3 | D:1      | Noticed a shadow dragon
     3 | D:1      | Noticed a large abomination
     5 | D:1      | Noticed an ice dragon
     7 | D:1      | Noticed an orb of fire
     8 | D:1      | Noticed an iron dragon
     9 | D:1      | Noticed a tentacled monstrosity
    12 | D:1      | Noticed a shadow dragon
    12 | D:1      | Noticed an ice dragon
    14 | D:1      | Noticed an iron dragon
    14 | D:1      | Noticed a shadow dragon
    14 | D:1      | Noticed a large abomination
    16 | D:1      | Noticed an iron dragon
    18 | D:1      | Noticed an iron dragon
    20 | D:1      | Noticed a yellow draconian
   126 | D:1      | Reached skill level 1 in Unarmed Combat
   164 | D:1      | Reached XP level 2. HP: 4/17 MP: 3/5
   413 | D:3      | Noticed UnlimitedFusion's ghost (amateur NaTm)
   529 | D:2      | Reached skill level 2 in Unarmed Combat
   738 | D:3      | Reached XP level 3. HP: 18/21 MP: 6/6
   743 | D:3      | Learned a level 3 spell: Regeneration
   763 | D:3      | Noticed Robin
   784 | D:3      | Noticed Crazy Yiuf
   851 | D:3      | Killed Crazy Yiuf
   851 | D:3      | Reached skill level 3 in Unarmed Combat
   851 | D:3      | Reached XP level 4. HP: 6/27 MP: 7/7
   987 | D:3      | Reached skill level 4 in Unarmed Combat
   996 | D:3      | Reached XP level 5. HP: 29/31 MP: 5/8
  1101 | D:4      | Reached skill level 5 in Unarmed Combat
  1141 | D:4      | Noticed Sigmund
  1157 | D:4      | Killed Sigmund
  1157 | D:4      | Reached skill level 6 in Unarmed Combat
  1157 | D:4      | Reached XP level 6. HP: 27/36 MP: 2/9
  1206 | D:4      | Reached XP level 7. HP: 15/41 MP: 7/10
  1213 | D:4      | Reached skill level 7 in Unarmed Combat
  1489 | D:4      | Found a glowing drain.
  1513 | Sewer    | Entered a sewer
  1829 | D:5      | Entered Level 5 of the Dungeon
  1841 | D:5      | Noticed Duffy's ghost (novice FoSk)
  2059 | D:5      | Noticed Eustachio
  2071 | D:5      | Killed Eustachio
  2071 | D:5      | Reached skill level 8 in Unarmed Combat
  2233 | D:5      | Reached XP level 8. HP: 29/46 MP: 9/11
  2353 | D:3      | Noticed Robin
  2353 | D:3      | Robin changed into Robin the howler monkey
  2359 | D:3      | Killed Robin the howler monkey
  2359 | D:3      | Reached skill level 9 in Unarmed Combat
  2678 | D:6      | Found a shattered altar of Ashenzari.
  2703 | D:6      | Found a burning altar of Makhleb.
  2708 | D:6      | Found a glowing silver altar of Zin.
  2709 | D:6      | Noticed an angel
  2709 | D:6      | Noticed a cacodemon
  2741 | D:6      | Reached skill level 10 in Unarmed Combat
  2747 | D:6      | Noticed a yak
  2749 | D:6      | Noticed a yak
  2751 | D:6      | Noticed a yak
  3065 | D:7      | Reached skill level 11 in Unarmed Combat
  3065 | D:7      | Reached XP level 9. HP: 33/51 MP: 5/12
  3078 | D:7      | Slain by a hippogriff

Vault maps used:
D:1:      shiori_arrival_whats_in_store_for_you, minmay_shallow_snake_nest
D:2:      grunt_temple_overflow_holy_war, minmay_lizard_king
D:3:      uniq_robin, uniq_crazy_yiuf_cottage, uniq_iyjb
D:4:      portal_sewer_entry_b, first_bread, uniq_sigmund
D:5:      marbit_many_paths, uniq_eustachio
D:6:      grunt_temple_overflow_order_and_chaos_2, ashenzari_altar_1
D:7:      temple_fountains, uniq_joseph
Sewer:    sewer_co_cracked_pipes

Skill      XL: |  1  2  3  4  5  6  7  8 |
---------------+-------------------------+-----
Unarmed Combat | 1 2 3 4 6 8 11 | 11.2
Dodging        | |  2.0
Stealth        | |  2.6
Spellcasting   | |  2.0
Necromancy     | |  4.0

Action                   |  1- 3 |  4- 6 |  7- 9 || total
-------------------------+-------+-------+-------++-------
Melee: Unarmed           |    32 |     1 |       ||    33
       Constrict         |    11 |     8 |    36 ||    55
       Tentacles         |     4 |     7 |    17 ||    28
       Punch             |     1 |       |     8 ||     9
       Quarterstaff      |       |    40 |   188 ||   228
 Fire: Hunting sling     |       |       |     4 ||     4
 Cast: Pain              |    15 |     3 |    10 ||    28
       Regeneration      |     1 |     8 |    24 ||    33
Evoke: Wand              |       |       |    13 ||    13
  Use: Scroll            |     3 |     2 |     4 ||     9
       Potion            |     6 |     2 |     4 ||    12
 Stab: Sleeping          |     2 |     2 |    14 ||    18
       Paralysed         |       |       |     3 ||     3
       Petrifying        |       |       |     2 ||     2
       Petrified         |       |       |     1 ||     1
  Eat: Chunk             |       |     3 |     6 ||     9
       Meat ration       |       |       |     1 ||     1
Armor: Skin              |     5 |       |   179 ||   184
Dodge: Dodged            |     8 |    30 |   125 ||   163
